 Dungeon Crawl Stone Soup version 0.23-a0-8-gb809bb7 (webtiles) character file.

155 Kuinu the Skirmisher (level 5, -4/47 HPs)
             Began as a Draconian Berserker on Aug 1, 2018.
             Was a Believer of Trog.
             Killed by divine providence
             ... invoked by an orc priest
              (13 damage)
             ... on level 3 of the Dungeon.
             The game lasted 00:04:04 (2467 turns).

Kuinu the Skirmisher (Draconian Berserker)          Turns: 2467, Time: 00:04:05

Health: -4/47      AC:  5    Str: 19    XL:     5   Next: 14%
Magic:  5/5        EV: 13    Int:  7    God:    Trog [**....]
Gold:   106        SH:  0    Dex: 12    Spells: 4/4 levels left

rFire    . . .     SeeInvis .   a - +0 falchion
rCold    . . .     Gourm    .   (no shield)
rNeg     . . .     Faith    .   (armour unavailable)
rPois    .         Spirit   .   (helmet restricted)
rElec    .         Reflect  .   (no cloak)
rCorr    .         Harm     .   (no gloves)
MR       .....                  (no boots)
Stlth    ..........             (no amulet)
HPRegen  0.15/turn              j - ring of attention (curse)
MPRegen  0.09/turn              (no ring)

@: berserk cooldown, slowed, very slow
A: unfitting armour, cold-blooded, AC +5
a: Berserk, Trog's Hand, Renounce Religion


You were on level 3 of the Dungeon.
You worshipped Trog.
Trog was pleased with you.
You were hungry.

You visited 1 branch of the dungeon, and saw 3 of its levels.

You collected 106 gold pieces.

Inventory:

Hand Weapons
 a - a +0 falchion (weapon)
Jewellery
 j - a cursed ring of attention (left hand)
 n - a +3 ring of evasion {unknown}
Scrolls
 c - 6 scrolls of identify {unknown}
 d - a scroll of enchant weapon {unknown}
 f - a scroll of remove curse {unknown}
 g - a scroll of blinking {unknown}
 i - a scroll of teleportation {unknown}
 k - a scroll of fog {unknown}
 m - a scroll of fear {unknown}
Potions
 e - 2 potions of curing {unknown}
 h - 2 potions of brilliance {unknown}
 l - a potion of flight {unknown}
Comestibles
 b - 5 rations


   Skills:
 * Level 4.8 Fighting
 * Level 4.3 Long Blades
 + Level 3.3 Dodging


You had 4 spell levels left.
You didn't know any spells.
Your spell library was empty.

Dungeon Overview and Level Annotations

Branches:
Dungeon (3/15)

Altars:
Makhleb


Innate Abilities, Weirdness & Mutations

Your plain brown scales are hard. (AC +5)
You cannot fit into any form of body armour.
You are cold-blooded and may be slowed by cold attacks.


Message History

You are no longer berserk.
You are exhausted.
You feel yourself slow down. The orc priest barely misses you.
You barely miss the orc priest.
The orc priest is moderately wounded.
The orc priest misses you.
You riposte.
You barely miss the orc priest. You tail-slap the orc priest.
The orc priest is heavily wounded.
The orc priest closely misses you.
You riposte.
You barely miss the orc priest.
The orc priest is heavily wounded.
You hit the orc priest but do no damage.
The orc priest is heavily wounded.
The orc priest hits you.
* * * LOW HITPOINT WARNING * * *
You barely miss the orc priest.
The orc priest is heavily wounded.
The orc priest looks braver for a moment.
The orc priest invokes the aid of Beogh against you.
Beogh smites you!
You die...

#.# #. #.# #. #.###. #.....
#..... #########.###.
#.............
###########.#######.....
......o@.)..# #........
##########..# #.##..###
#..# #.##.....
#######..####.##...##
#..........(..##...## #.#
#.##.##......<.....## #.#
#.##.###########..###
#.#####)##.###########..###
#.#...)..............#.....


You could see an orc priest.

Vanquished Creatures
  An orc priest (D:3)
  An orc wizard (D:3)
  2 adders (D:3)
  2 worms (D:2)
  3 dart slugs (D:1)
  5 leopard geckos
  4 orcs (D:3)
  2 giant cockroaches
  2 hobgoblins
  8 jackals
  2 quokkas
  A ball python (D:2)
  6 bats
  2 frilled lizards (D:2)
  4 goblins
  10 kobolds
  8 rats
  A plant (D:3)
64 creatures vanquished.

Notes
Turn   | Place    | Note
-------+----------+-------------------------------------------
     0 | D:1      | Kuinu the Draconian Berserker began the quest for the Orb.
     0 | D:1      | Reached XP level 1. HP: 19/19 MP: 1/1
   310 | D:1      | Reached XP level 2. HP: 14/26 MP: 2/2
   917 | D:2      | Reached XP level 3. HP: 33/33 MP: 3/3
   955 | D:2      | Reached ** piety under Trog
   969 | D:2      | Found a burning altar of Makhleb.
  2207 | D:3      | Reached XP level 4. HP: 34/40 MP: 4/4
  2463 | D:3      | Reached XP level 5. HP: 18/47 MP: 5/5
  2467 | D:3      | Killed from afar by an orc priest

Vault maps used:
D:1:      matt_arrival_los_fun, minmay_misc_feat_tower
D:2:      lemuel_doored_altar, first_ration
D:3:      lexackson_kobold_supper

Skill      XL: |  1  2  3  4 |
---------------+-------------+-----
Dodging        | 3 |  3.3
Fighting       | 4 |  4.8
Long Blades    | 4 |  4.3

Action                   |  1- 3 |  4- 6 || total
-------------------------+-------+-------++-------
Melee: Falchion          |   138 |    67 ||   205
       Tailslap          |    25 |     9 ||    34
Invok: Berserk           |     2 |     2 ||     4
 Stab: Sleeping          |     1 |       ||     1
  Eat: Chunk             |     6 |     2 ||     8
Armor: Skin              |    52 |    17 ||    69
Dodge: Dodged            |    95 |    21 ||   116
       Rpst.: Falchion   |    37 |     7 ||    44

Table legend:
 A = Spawn XP
 B = Non-spawn XP
 C = Spawn XP percentage of total XP
 D = Spawn monster count
 E = Non-spawn monster count
 F = Spawn count percentage of total count
 G = Total turns spent on level
                    A         B        C        D         E        F      G
               +---------+---------+-------+---------+---------+-------+---------
         Total |       0 |     222 |   0.0 |       0 |      63 |   0.0 |  2467
               +---------+---------+-------+---------+---------+-------+---------
           D:1 |       0 |      36 |   0.0 |       0 |      19 |   0.0 |   822
           D:2 |       0 |      37 |   0.0 |       0 |      18 |   0.0 |   885
           D:3 |       0 |     149 |   0.0 |       0 |      26 |   0.0 |   760
               +---------+---------+-------+---------+---------+-------+---------
